 Dungeon Crawl Stone Soup version 0.26-a0-844-g3dd439832f (webtiles) character file.

Game seed: 10719117229683162051

702 pablito the Insei (level 7, 0/43 HPs)
             Began as an Octopode Transmuter on Nov 18, 2020.
             Was a Follower of the Shining One.
             Slain by an orc
             ... wielding a +0 short sword
              (2 damage)
             ... on level 5 of the Dungeon.
             The game lasted 00:30:10 (5806 turns).

pablito the Insei (Octopode Transmuter)             Turns: 5806, Time: 00:30:10

Health: 0/43       AC:  2    Str:  9    XL:     7   Next: 66%
Magic:  3/10       EV: 20    Int: 21    God:    the Shining One [*.....]
Gold:   233        SH:  7    Dex: 20    Spells: 6/10 levels left

rFire    . . .     SeeInvis .     - Unarmed
rCold    . . .     Faith    .   (shield currently unavailable)
rNeg     . . .     Spirit   .   (helmet currently unavailable)
rPois    x         Reflect  .   (no amulet)
rElec    .         Harm     .   j - +6 ring of intelligence
rCorr    .         Rampage  .   (no ring)
MR       .....                  (no ring)
Stlth    +.........             (no ring)
HPRegen  0.14/turn              (no ring)
MPRegen  0.12/turn              (no ring)
                                (no ring)
                                (no ring)

@: divine shield, spider-form (expiring), glowing
A: tiny, almost no armour, stealthy swim, (amphibious), 8 rings, (constrict 8)
a: End Transformation, Renounce Religion


You were on level 5 of the Dungeon.
You worshipped the Shining One.
The Shining One was aware of your devotion.
You were a venomous arachnid creature.
You visited 1 branch of the dungeon, and saw 5 of its levels.

You collected 233 gold pieces.

Inventory:

Hand Weapons
 c - a +0 dagger
Jewellery
 j - a +6 ring of intelligence (left front leg)
Wands
 d - a wand of polymorph (5)
Scrolls
 a - 3 scrolls of identify
 b - 3 scrolls of teleportation {unknown}
 e - 3 scrolls of fear {unknown}
 f - 2 scrolls of enchant weapon {unknown}
 h - 4 scrolls of remove curse {unknown}
 i - a scroll of amnesia {unknown}
 l - a scroll of blinking {unknown}
 m - a scroll of immolation {unknown}
Potions
 g - a potion of mutation {unknown}
 k - a potion of curing {unknown}


   Skills:
 + Level 1.3 Fighting
 + Level 2.2 Dodging
 - Level 3.0 Stealth
 + Level 5.3 Unarmed Combat
 - Level 2.0 Spellcasting
 + Level 4.4 Transmutations
 * Level 3.1 Poison Magic
 + Level 3.6 Invocations
 + Level 0.7 Evocations


You had 6 spell levels left.
You knew the following spells:

 Your Spells              Type           Power        Failure   Level
a - Beastly Appendage     Tmut           ###...       9%          1
b - Spider Form           Tmut/Pois      ###.......   22%         3

Your spell library contained the following spells:

 Spells                   Type           Power        Failure   Level
 Wereblood                Tmut           ###.....     12%         2
 Ice Form                 Ice/Tmut       ##......     73%         4
 Blade Hands              Tmut           ###.......   75%         5


Dungeon Overview and Level Annotations

Branches:
Dungeon (5/15)
 Temple: D:4-7

Altars:
Makhleb
Ru
Yredelemnul
Zin
The Shining One

Annotations:
D:4 2 transporters, marklar909's ghost, amateur DrWz


Innate Abilities, Weirdness & Mutations

You cannot wear most types of armour.
You are very stealthy in the water. (Stealth+)
((You are amphibious.))
You can wear up to eight rings at the same time.
((You can use your tentacles to constrict eight enemies at once.))
((Your skin changes colour to match your surroundings (Stealth+).))
((Your rubbery body absorbs attacks. (AC +1, EV +1)))


Message History

You hit the orc.
The orc is severely wounded.
The orc hits you with a +0 dagger.
* * * LOW HITPOINT WARNING * * *
The orc barely misses you.
You hit the orc.
You kill the orc!
The orc wizard gestures at you while chanting.
The magic dart hits you.
* * * LOW HITPOINT WARNING * * *
The orc completely misses you.
You hit the orc wizard.
The orc wizard is moderately wounded.
The orc wizard hits you with a +0 dagger.
* * * LOW HITPOINT WARNING * * *
The orc wizard closely misses you. A divine shield forms around you!
You can no longer call upon the Shining One for a divine shield.
The orc hits you with a +0 short sword.
You die...

##..#...#≈...≈#..
##†......#.≈≈≈.#.#
#.##.....#.....#.#
##.###.....#...#...
##).).>....#.#.#....
#.......#.....#..#..
##....####..........
#.o..####..........
#.so...............
##...###..#........
.....#......§.....
..........#.#....##
.....<.....###..###
...........## #..#
.#.##.................
..##
##.......##....o..
#...... #.......


You could see an orc wizard (fast) and an orc.

Vanquished Creatures
  Menkaure (D:4)
  2 ogres
  A scorpion (D:4)
  A crimson imp (D:4)
  A jelly (D:4)
  Crazy Yiuf (D:3)
  3 orc wizards
  A worker ant (D:4)
  7 adders
  An ooze (D:3)
  An adder skeleton (D:4)
  3 worms
  2 dart slugs
  6 orcs
  3 ball pythons (D:3)
  6 giant cockroaches
  6 goblins
  6 hobgoblins
  7 jackals
  A quokka (D:3)
  10 bats
  7 frilled lizards
  10 kobolds
  A quokka skeleton (D:5)
  5 rats
93 creatures vanquished.

Vanquished Creatures (others)
  4 withered plants (D:4)
4 creatures vanquished.

Grand Total: 97 creatures vanquished

Notes
Turn   | Place    | Note
-------+----------+-------------------------------------------
     0 | D:1      | pablito the Octopode Transmuter began the quest for the
                  | Orb.
     0 | D:1      | Reached XP level 1. HP: 13/13 MP: 3/3
   494 | D:1      | Reached skill level 1 in Stealth
   494 | D:1      | Reached XP level 2. HP: 18/18 MP: 3/5
  1383 | D:2      | Reached XP level 3. HP: 14/23 MP: 4/6
  1387 | D:2      | Learned a level 3 spell: Spider Form
  1800 | D:2      | Upgraded the game from 0.26-a0-835-g8259106e14 to
                  | 0.26-a0-844-g3dd439832f
  2373 | D:2      | Reached XP level 4. HP: 28/28 MP: 7/7
  2403 | D:2      | Found a glowing silver altar of Zin.
  2403 | D:2      | Noticed an angel
  2422 | D:2      | Found a faded altar of an unknown god.
  2428 | D:2      | Became a worshipper of the Shining One
  2428 | D:2      | Reached * piety under the Shining One
  2819 | D:2      | Found a glowing golden altar of the Shining One.
  3168 | D:3      | Reached skill level 4 in Unarmed Combat
  3538 | D:3      | Reached skill level 1 in Invocations
  3716 | D:3      | Reached XP level 5. HP: 28/33 MP: 8/8
  3879 | D:3      | Found a runed translucent door.
  3880 | D:3      | Noticed Crazy Yiuf
  3889 | D:3      | Killed Crazy Yiuf
  4252 | D:4      | Noticed Menkaure
  4260 | D:4      | Killed Menkaure
  4261 | D:4      | Reached XP level 6. HP: 2/38 MP: 7/9
  4596 | D:4      | Found a transporter.
  4598 | D:4      | Noticed marklar909's ghost (amateur DrWz)
  4622 | D:4      | Reached skill level 5 in Unarmed Combat
  4622 | D:4      | Reached skill level 1 in Poison Magic
  4630 | D:4      | Found a transporter.
  4734 | D:4      | Reached XP level 7. HP: 42/43 MP: 7/10
  5135 | D:4      | Found a burning altar of Makhleb.
  5555 | D:4      | Found a basalt altar of Yredelemnul.
  5742 | D:5      | Entered Level 5 of the Dungeon
  5750 | D:5      | Found a sacrificial altar of Ru.
  5753 | D:5      | Reached ** piety under the Shining One
  5805 | D:5      | HP: 2/43 [orc wizard/+0 dagger (2)]
  5806 | D:5      | Slain by an orc

Illustrated notes

Levels and vault maps discovered:
D:1:      eino_arrival_water_star, layout_basic, kennysheep_pointless_box,
          minivault_19
D:2:      layout_basic, marbit_many_paths, zin_angel,
          chequers_ecumenical_altar_simple_redux, roderic_roman_lattice,
          minmay_misc_feat_iff
D:3:      layout_rooms, uniq_crazy_yiuf_cottage
D:4:      layout_loops_ring, yredelemnul_altar_generic, makhleb_grotto_becter,
          gammafunk_ghost_arena, uniq_menkaure
D:5:      layout_cave_pools, nicolae_ru_awakened_eye, serial_shops, shop

Skill      XL: |  1  2  3  4  5  6  7 |
---------------+----------------------+-----
Stealth        | 1 2 3 |  3.0
Unarmed Combat | 4 5 |  5.3
Transmutations | 3 4 |  4.4
Invocations    | 1 2 3 |  3.6
Poison Magic   | 1 3 |  3.1
Fighting       | |  1.3
Dodging        | |  2.2
Spellcasting   | |  2.0
Evocations     | |  0.7

Action                   |  1- 3 |  4- 6 |  7- 9 || total
-------------------------+-------+-------+-------++-------
Melee: Unarmed           |    51 |   106 |    70 ||   227
       Constrict         |    19 |    26 |    12 ||    57
       Kick              |     6 |     6 |     5 ||    17
       Dagger            |    22 |       |       ||    22
       Tentacles         |     9 |    22 |    12 ||    43
       Punch             |     3 |     4 |     3 ||    10
 Cast: Beastly Appendage |     9 |     8 |     3 ||    20
       Spider Form       |     1 |     3 |     1 ||     5
Invok: Divine Shield     |       |       |     1 ||     1
  Use: Potion            |       |     1 |       ||     1
       Scroll            |       |     1 |       ||     1
 Stab: Sleeping          |    14 |       |       ||    14
Armor: Skin              |     4 |    10 |     2 ||    16
Dodge: Dodged            |    34 |    81 |    31 ||   146

Table legend: (Time is in decaauts)
 A = Elapsed time spent in this place.
 B = Non-inter-level travel time spent in this place.
 C = Inter-level travel time spent in this place.
 D = Time resting spent in this place.
 E = Time spent auto-exploring this place.
 F = Levels seen in this place.
 G = Mean time per level.
                   A        B        C        D        E       F      G
               +--------+--------+--------+--------+--------+-----+--------+
         Total |   5775 |   5618 |    157 |    288 |   4474 |   5 | 1155.0 |
       Dungeon |   5775 |   5618 |    157 |    288 |   4474 |   5 | 1155.0 |
               +--------+--------+--------+--------+--------+-----+--------+

Top non-repeatable levels by time:
     D:3: 1594 daAuts
     D:2: 1571 daAuts
     D:1: 1343 daAuts
     D:4: 1204 daAuts
     D:5: 62 daAuts
